 Crawl Stoat Soup version 0.23-ish-327-87-g3a41155e8f (console) character file.

37534 ceb the Black Sun (level 13, -13/92 HPs)
             Began as a Faerie Dragon Necromancer on Mar 31, 2024.
             Was a High Priest of Kikubaaqudgha.
             Mangled by an ettin
             ... wielding a +0 dire flail
              (26 damage)
             ... on level 1 of the Orcish Mines.
             The game lasted 00:58:36 (20993 turns).

ceb the Black Sun (Faerie Dragon Necromancer)      Turns: 20993, Time: 00:58:38

Health: -13/92     AC: 11    Str:  8    XL:     13   Next: 97%
Magic:  24/24 (29) EV: 20    Int: 24    God:    Kikubaaqudgha [*****.]
Gold:   892        SH:  6    Dex: 13    Spells: 13/36 levels left

rFire    . . .     SeeInvis .   a - +5 scimitar (flame)
rCold    + . .     Gourm    .   (shield restricted)
rNeg     . . .     Faith    .   (armour unavailable)
rPois    .         Spirit   .   (helmet restricted)
rElec    .         Warding  .   (no cloak)
rCorr    .         Reflect  .   x - +2 pair of gloves
MR       +....     Harm     .   o - +1 pair of boots
Stlth    +.........             (no amulet)
HPRegen  0.25/turn              A - +1 ring of slaying
MPRegen  0.21/turn              d - ring of protection from cold

@: flying, death channel, 5 MP reserved for charms
A: small, sparkly, unfitting armour, strong 1, magic attunement, magical scales,
able to fly
a: Stop Flying, Receive Corpses, Torment, Renounce Religion, End Permanent
Enchantments


You were on level 1 of the Orcish Mines.
You worshipped Kikubaaqudgha.
Kikubaaqudgha was extremely pleased with you.
You were not hungry.

You visited 4 branches of the dungeon, and saw 19 of its levels.
You also visited: Ice Cave.

You collected 1191 gold pieces.
You spent 299 gold pieces at shops.

Inventory:

Hand Weapons
 a - a +5 scimitar of flaming (weapon)
 G - a +0 trident of venom
 K - a cursed -2 trident
 O - a +1 scimitar of holy wrath
 Q - a +1 demon trident of freezing
 V - the +6 quarterstaff of Viusagas {speed, +Blink MR- Int+5 Dex-5 Stlth+}
   (You found it in an ice cave)

   Attacks with this weapon are significantly faster.
   It affects your intelligence (+5).
   It affects your dexterity (-5).
   It affects your resistance to hostile enchantments.
   It lets you blink.
   It makes you more stealthy.
Armour
 o - a +1 pair of boots (worn)
 x - a +2 pair of gloves (worn)
Jewellery
 d - a ring of protection from cold (right hand)
 f - a +3 ring of dexterity {unknown}
 A - a +1 ring of slaying (left hand)
 P - a +5 ring of protection {unknown}
 R - an uncursed amulet of the gourmand {unknown}
 X - a +2 ring of protection {unknown}
Wands
 p - a wand of acid (6 charges)
 s - 2 wands of charm monster (28 charges)
 B - 3 wands of iceblast (19 charges)
 F - a wand of clouds (8 charges)
 H - a wand of polymorph (13 charges)
Scrolls
 e - 7 scrolls of remove curse
 h - 8 scrolls of teleportation
 k - 3 scrolls of immolation
 l - 4 scrolls of amnesia
 u - 2 scrolls of noise
 w - a scroll of summoning
 y - 2 scrolls of magic mapping
 z - 2 scrolls of blinking
 N - a scroll of vulnerability
 S - a scroll of fog
 U - a scroll of silence
 W - 3 scrolls of identify
 Z - a scroll of holy word
Potions
 g - 2 potions of agility
 i - 5 potions of curing
 j - 5 potions of heal wounds
 n - 3 potions of mutation
 q - 2 potions of cancellation
 r - a potion of ambrosia
 t - 2 potions of invisibility
 C - 6 potions of might
 D - 2 potions of magic
 E - 2 potions of haste
 I - 2 potions of lignification
 J - a potion of brilliance
Comestibles
 b - 3 fruits
 c - 12 bread rations
 v - 10 meat rations


   Skills:
 + Level 9.8 Fighting
 + Level 11.9 Dodging
 - Level 1.2 Stealth
 + Level 12.0 Spellcasting
 * Level 18.1 Necromancy


You had 13 spell levels left.
You knew the following spells:

 Your Spells              Type           Power        Failure   Level  Hunger
a - Necrotise             Necr           25/25        0%          1    None
b - Animate Dead          Necr           N/A          1%          4    None
c - Vampiric Draining     Necr           80/200       0%          3    None
d - Regeneration          Chrm/Necr      55/200       1%          4    None
e - Death Channel         Necr           80/200       1%          6    None
f - Velakast's Disruptio  Necr           80/100       1%          5    None

Your spell library contained the following spells:

 Spells                   Type           Power        Failure   Level  Hunger
 Corpse Rot               Necr           N/A          0%          2    None
 Sublimation of Blood     Necr           80/200       0%          2    None
 Excruciating Wounds      Chrm/Necr      55/200       2%          5    None
 Beastly Appendage        Tmut           14/50        4%          1    None
 Confusing Touch          Hex            14/50        4%          1    None
 Sticks to Snakes         Tmut           14/100       6%          2    None
 Confuse                  Hex            14/100       13%         3    None
 Gell's Gravitas          Tloc           14/200       13%         3    None
 Spider Form              Tmut/Pois      14/200       13%         3    None
 Simulacrum               Ice/Necr       55/200       16%         6    None
 Ice Form                 Ice/Tmut       14/100       38%         4    None
 Leda's Liquefaction      Hex/Erth       14/200       38%         4    None
 Petrify                  Tmut/Erth      14/100       38%         4    None
 Blade Hands              Tmut           14/200       75%         5    None
 Bolt of Magma            Conj/Fire/Erth 14/200       75%         5    None
 Metabolic Englaciation   Hex/Ice        14/200       75%         5    None
 Yara's Violent Unravell  Hex/Tmut       14/200       75%         5    None
 Iron Shot                Conj/Erth      14/200       100%        6    None
 Statue Form              Tmut/Erth      14/150       100%        6    None
 Shatter                  Erth           14/200       100%        9    None


Dungeon Overview and Level Annotations

Branches:
Dungeon (10/15)            Temple (1/1) D:6            Lair (6/6) D:9
  Swamp (0/4) Lair:4       Spider (0/4) Lair:2        Slime (0/5) Lair:5
    Orc (2/2) D:10            Elf (0/3) Orc:2

Altars:
Ashenzari
Cheibriados
Dithmenos
Elyvilon
Fedhas
Gozag
Hepliaklqana Ihp'ix
Kikubaaqudgha
Nemelex Xobeh
Okawaru
Qazlal
Ru
Sif Muna
Trog
Uskayaw
Vehumet
Wu Jian
Xom
Yredelemnul
Zin
The Shining One

Shops:
D:7 !

Annotations:
Lair:5 exclusion: 2 oklob plants
Lair:6 exclusion: 2 oklob plants


Innate Abilities, Weirdness & Mutations

Your sparkly wings attract attention (Stealth-).
You are small and have problems with some larger weapons.
You cannot fit into any form of body armour.
Your spells do not cause hunger; their MP costs are reduced by 1.
Your shimmering scales repel attacks (AC +6, SH +6).
You can fly continuously.
Your muscles are strong. (Str +2)


Message History

Aiming: Necrotise (safe; 0% risk of failure)
Press: ? - help, Shift-Dir - straight line, f - ettin
Aim: an ettin, wielding two dire flails (chance to defeat MR: 71%)
The ettin writhes in agony!
The orc knight roars a battlecry!
The ettin misses you. The ettin hits you with a dire flail!
You fly upwards.
You hear the roar of battle.
There is an entrance to a bailey on this level.
Hurry and find it before the portal closes forever!
The portcullis has been lowered almost to the ground.
The walls and floor vibrate strangely for a moment.
There is a stone staircase leading down here.
Unknown command.
You swap places.
Your spectral orc warrior hits the ettin but does no damage.
The ettin hits you with a dire flail!
* * * LOW HITPOINT WARNING * * *
The ettin hits you with a dire flail!!
You die...
Kikubaaqudgha rasps: "You have failed me!
Welcome... death!"

##.#..#..................##
#...........ZC@.........###
#...#.......[ZZ......#....##
##.###...#..[..............#
####...#..........#.#..#.##
#...###..........#......#
##.#..###.....#...#.##..##
##....#..#........###...#
##........#.....####..##
##.#............##...#
##...#........####.##
##.......#.##.#####
###..............##
##.......#.#.##....#
#....#..####.#.##.##
##..#....##.....###
#####....##...##


You could see an ettin, a friendly spectral orc, a friendly spectral orc warrior
and a friendly orc warrior zombie.

Vanquished Creatures
  Erica (D:8)
  A hydra (Lair:4)
  A two-headed ogre (D:8)
  3 death yaks
  Urug (Lair:5)
  2 ugly things (IceCv)
  4 elephants (Lair:6)
  5 black mambas
  A torpor snail (Lair:3)
  A centaur zombie (D:9)
  3 ice statues (IceCv)
  6 spiny frogs
  2 rime drakes (Lair:2)
  5 komodo dragons
  A troll (D:9)
  A hornet (D:10)
  11 blink frogs
  2 boulder beetles (Lair:5)
  27 yaks
  3 basilisks
  A hungry ghost (D:9)
  2 wargs (Orc:2)
  2 hippogriffs
  10 water moccasins
  A soldier ant (D:10)
  6 porcupines
  4 orc warriors
  6 ice beasts (IceCv)
  A sky beast (D:6)
  2 black bears
  4 ogres
  7 wolves
  9 centaurs
  4 crocodiles
  A big kobold (D:8)
  A phantom (D:8)
  13 bullfrogs
  A gnoll sergeant (D:9)
  Dowan (D:6)
  2 scorpions
  A wyvern skeleton (D:9)
  A water moccasin skeleton (D:5)
  8 killer bees
  4 wights (D:8)
  5 howler monkeys
  A goliath beetle (D:6)
  A bullfrog zombie (D:9)
  A jelly (D:5)
  8 orc priests
  2 centaur skeletons
  6 hounds
  A bullfrog skeleton (D:9)
  4 iguanas
  7 orc wizards
  6 hell rats
  5 worker ants
  A hound skeleton (D:4)
  A hound zombie (D:6)
  A howler monkey skeleton (D:6)
  7 gnolls
  2 river rats (D:9)
  8 adders
  A shadow imp (D:6)
  4 white imps
  An ufetubus (D:3)
  2 oozes
  An adder skeleton (D:4)
  An adder zombie (D:9)
  3 worms
  2 dart slugs
  6 leopard geckos
  56 orcs
  A ball python (D:3)
  4 bats
  4 giant cockroaches
  5 goblins
  9 hobgoblins
  9 jackals
  8 kobolds
  3 weasels
  5 frilled lizards
  10 rats
375 creatures vanquished.

Vanquished Creatures (collateral kills)
  Sonja (Lair:6)
  A griffon (Lair:4)
  9 elephants (Lair:6)
  A black mamba (Lair:6)
  A gargoyle (D:10)
  9 spiny frogs
  A rime drake (Lair:4)
  3 komodo dragons
  14 blink frogs
  A hornet (Lair:4)
  14 yaks
  2 hippogriffs
  5 basilisks
  Duvessa (D:6)
  2 water moccasins (Lair:6)
  A porcupine (Lair:5)
  7 crocodiles
  2 wolves (Lair:4)
  A phantom (D:5)
  3 bullfrogs
  An electric eel (Lair:4)
  An orc priest (D:6)
  2 hounds (D:6)
  A jelly (D:7)
  2 orc wizards
  2 centaur skeletons
  An iguana (D:7)
  3 worker ants
  A hound zombie (D:6)
  A hound skeleton (D:7)
  4 gnolls
  2 adders
  A river rat (D:9)
  A shadow imp (D:8)
  9 white imps (Lair:5)
  An adder zombie (D:4)
  An adder skeleton (D:6)
  A worm (D:2)
  A dart slug (D:3)
  8 orcs
  A bat (D:1)
  A weasel (D:9)
  A frilled lizard (D:3)
  2 kobolds
  A rat (D:3)
  A weasel skeleton (D:7)
  11 fungi
  5 plants
146 creatures vanquished.

Vanquished Creatures (others)
  A frilled lizard (D:3)
  6 fungi
  2 plants (Lair:5)
9 creatures vanquished.

Grand Total: 530 creatures vanquished

Notes
Turn   | Place    | Note
-------+----------+-------------------------------------------
     0 | D:1      | ceb the Faerie Dragon Necromancer began the quest for the
                  | Orb.
     0 | D:1      | Reached XP level 1. HP: 11/11 MP: 3/3
    89 | D:1      | Reached skill level 5 in Necromancy
   102 | D:1      | Reached XP level 2. HP: 15/17 MP: 5/5
   327 | D:1      | Reached XP level 3. HP: 22/22 MP: 7/7
   892 | D:2      | Found a hazy altar of Hepliaklqana.
  1216 | D:2      | Found a blossoming altar of Fedhas.
  1218 | D:2      | Reached skill level 1 in Fighting
  1244 | D:2      | Found an iron altar of Okawaru.
  1248 | D:2      | Reached XP level 4. HP: 28/28 MP: 8/8
  1436 | D:2      | Learned a level 4 spell: Animate Dead
  1440 | D:2      | Learned a level 3 spell: Vampiric Draining
  1525 | D:3      | HP: 1/28 [poisoned by an orc]
  1556 | D:3      | HP: 1/28 [poisoned by an orc]
  1852 | D:3      | Found a sparkling altar of Nemelex Xobeh.
  1908 | D:3      | Noticed an angel
  1909 | D:3      | Found a glowing silver altar of Zin.
  1909 | D:3      | Found a shimmering altar of Xom.
  1953 | D:3      | Reached XP level 5. HP: 33/33 MP: 10/10
  2046 | D:3      | Noticed a water moccasin
  2054 | D:3      | Killed a water moccasin
  2054 | D:3      | Reached skill level 6 in Necromancy
  2054 | D:3      | Reached XP level 6. HP: 39/39 MP: 11/11
  2245 | D:3      | Found a shattered altar of Ashenzari.
  2247 | D:3      | Noticed ceb's ghost (amateur FDNe)
  2252 | D:3      | Witnessed revenge of ceb's ghost on an orc priest.
  2800 | D:4      | Learned a level 4 spell: Regeneration
  2857 | D:4      | Reached skill level 7 in Necromancy
  3009 | D:4      | Reached XP level 7. HP: 43/45 MP: 10/13
  3238 | D:4      | Got a crude short sword
  3239 | D:4      | Identified the cursed +3 short sword "Hydra's Death Toll"
                  | {vamp, rPois rN+ Int+3 Dex-5} (You found it on level 4 of
                  | the Dungeon)
  3606 | D:5      | Entered Level 5 of the Dungeon
  3609 | D:5      | Found a shadowy altar of Dithmenos.
  4036 | D:5      | Found a bloodstained altar of Trog.
  4073 | D:5      | Reached skill level 8 in Necromancy
  4118 | D:5      | Reached skill level 5 in Spellcasting
  4118 | D:5      | Reached XP level 8. HP: 30/52 MP: 12/15
  4418 | D:6      | Reached skill level 5 in Dodging
  4441 | D:6      | Noticed Duvessa
  4451 | D:6      | Killed Duvessa
  4451 | D:6      | Reached skill level 9 in Necromancy
  4460 | D:6      | Noticed Dowan
  4474 | D:6      | Killed Dowan
  4742 | D:6      | Reached XP level 9. HP: 27/58 MP: 0/18
  5255 | D:6      | Reached skill level 10 in Necromancy
  5259 | D:6      | Gained mutation: You are weak. (Str -2) [mutagenic meat]
  5260 | D:6      | Gained mutation: You evolve. [mutagenic meat]
  5261 | D:6      | Lost mutation: You are weak. (Str -2) [mutagenic meat]
  5399 | D:6      | Found a staircase to the Ecumenical Temple.
  5477 | Temple   | Entered the Ecumenical Temple
  5540 | Temple   | Became a worshipper of Kikubaaqudgha
  5741 | D:6      | Found a glowing golden altar of the Shining One.
  6201 | D:7      | Found an opulent altar of Gozag.
  6288 | D:7      | Found Yzxoq's Distillery.
  6291 | D:7      | Bought a potion of lignification for 39 gold pieces
  6291 | D:7      | Bought a potion of brilliance for 52 gold pieces
  6291 | D:7      | Bought a potion of flight for 39 gold pieces
  6291 | D:7      | Bought a potion of degeneration for 13 gold pieces
  6291 | D:7      | Bought a potion of might for 52 gold pieces
  6291 | D:7      | Bought a potion of heal wounds for 65 gold pieces
  6291 | D:7      | Bought a potion of curing for 39 gold pieces
  6326 | D:7      | Found a stormy altar of Qazlal.
  6330 | D:7      | Found a white marble altar of Elyvilon.
  6372 | D:7      | Reached * piety under Kikubaaqudgha
  6372 | D:7      | Identified Kikubaaqudgha's Tome of Dark Magic
                  | (Kikubaaqudgha gifted it to you on level 7 of the Dungeon)
  6372 | D:7      | Received a gift from Kikubaaqudgha
  6398 | D:7      | Found an iron altar of Okawaru.
  6984 | D:8      | Reached skill level 5 in Fighting
  7064 | D:8      | Noticed Erica
  7076 | D:8      | HP: 3/61 [something (6)]
  7076 | D:8      | HP: 1/61 [something (2)]
  7077 | D:8      | Killed Erica
  7077 | D:8      | Reached skill level 11 in Necromancy
  7077 | D:8      | Reached XP level 10. HP: 1/66 MP: 4/20
  7292 | D:8      | Gained mutation: You are covered in fur. (AC +1)
                  | [evolution]
  7454 | D:8      | Noticed a two-headed ogre
  7455 | D:8      | Noticed ceb's ghost (novice FDNe)
  7480 | D:8      | Killed a two-headed ogre
  7480 | D:8      | Witnessed revenge of ceb's ghost on a two-headed ogre.
  7480 | D:8      | Reached skill level 12 in Necromancy
  8000 | D:9      | Displaced on stairs
  8037 | D:9      | Noticed a death yak
  8042 | D:9      | Noticed a death yak
  8095 | D:8      | Killed a death yak
  8224 | D:8      | Killed a death yak
  8363 | D:8      | Reached skill level 13 in Necromancy
  8439 | D:8      | Reached ** piety under Kikubaaqudgha
  8545 | D:9      | Reached XP level 11. HP: 74/74 MP: 20/23
  8755 | D:9      | Found a staircase to the Lair.
  8763 | D:9      | Noticed a death yak
  8824 | D:9      | Killed a death yak
  9178 | D:9      | Gained mutation: Your flesh is heat resistant. (rF+)
                  | [evolution]
  9178 | D:9      | Lost mutation: You evolve. [end of evolution]
  9311 | D:10     | Entered Level 10 of the Dungeon
  9488 | D:9      | Reached *** piety under Kikubaaqudgha
  9488 | D:9      | Identified Kikubaaqudgha's Guide on Evil (Kikubaaqudgha
                  | gifted it to you on level 9 of the Dungeon)
  9488 | D:9      | Received a gift from Kikubaaqudgha
  9610 | D:9      | Learned a level 6 spell: Death Channel
  9616 | D:9      | Learned a level 5 spell: Velakast's Disruption
  9627 | Lair:1   | Entered Level 1 of the Lair of Beasts
  9661 | Lair:1   | Reached skill level 14 in Necromancy
 10808 | Lair:2   | Found a hole to the Spider Nest.
 11238 | Lair:2   | Reached XP level 12. HP: 82/82 MP: 17/25
 11524 | Lair:2   | Reached skill level 15 in Necromancy
 11959 | Lair:3   | Got a transparent hand axe
 11960 | Lair:3   | Identified the +4 hand axe of Capital Punishment {venom,
                  | rF+} (You found it on level 3 of the Lair of Beasts)
 11983 | Lair:3   | Reached skill level 10 in Spellcasting
 12446 | Lair:3   | Reached skill level 10 in Dodging
 12901 | Lair:3   | Reached **** piety under Kikubaaqudgha
 13455 | Lair:4   | Found a staircase to the Swamp.
 13456 | Lair:4   | Reached skill level 16 in Necromancy
 13935 | Lair:4   | Noticed a six-headed hydra
 13943 | Lair:4   | Killed a six-headed hydra
 14519 | Lair:5   | Reached ***** piety under Kikubaaqudgha
 14519 | Lair:5   | Reached XP level 13. HP: 76/90 MP: 10/27
 14523 | Lair:5   | Found a frozen archway.
 14546 | IceCv    | Entered an ice cave
 14952 | IceCv    | Lost mutation: You are covered in fur. (AC +1) [potion of
                  | mutation]
 14952 | IceCv    | Lost mutation: Your flesh is heat resistant. (rF+) [potion
                  | of mutation]
 14952 | IceCv    | Gained mutation: Your digestive system is specialised to
                  | digest meat. [potion of mutation]
 14952 | IceCv    | Lost mutation: Your digestive system is specialised to
                  | digest meat. [potion of mutation]
 14952 | IceCv    | Gained mutation: Your muscles are strong. (Str +2) [potion
                  | of mutation]
 15262 | IceCv    | Got obsidian-encrusted ice dragon scales
 15285 | IceCv    | Got an ancient quarterstaff
 15523 | Lair:5   | Identified the +6 quarterstaff of Viusagas {speed, +Blink
                  | MR- Int+5 Dex-5 Stlth+} (You found it in an ice cave)
 15601 | Lair:5   | Noticed Urug
 15615 | Lair:5   | Killed Urug
 15737 | Lair:5   | Reached skill level 17 in Necromancy
 16933 | Lair:6   | Entered Level 6 of the Lair of Beasts
 16936 | Lair:6   | Noticed Sonja
 16951 | Lair:6   | Killed Sonja
 18880 | Lair:5   | Reached skill level 18 in Necromancy
 19494 | D:10     | Found a staircase to the Orcish Mines.
 19848 | D:10     | Paralysed by a hornet for 3 turns
 20303 | Orc:1    | Entered Level 1 of the Orcish Mines
 20728 | Orc:2    | Entered Level 2 of the Orcish Mines
 20728 | Orc:2    | Found a staircase to the Elven Halls.
 20736 | Orc:2    | Noticed an ettin
 20993 | Orc:1    | Mangled by an ettin

Vault maps used:
D:1:      dpeg_arrival_chase
D:2:      fedhas_altar_fruit_tree, lemuel_crystal_altar, lemuel_tele_altar
D:3:      grunt_temple_overflow_order_and_chaos_1, lemuel_round_altar,
          nemelex_xobeh_ov_fountains_minmay, first_bread
D:5:      lemuel_crystal_altar, nicolae_dithmenos_through_a_glass_darkly
D:6:      minmay_chambers_of_threes, tso_oasis_becter, minmay_temple_entry_hall,
          kennysheep_generic_room_13, uniq_duvessa
D:7:      okawaru_gym_becter, grunt_temple_overflow_open,
          nicolae_gozag_cash_rules_everything_around_me, serial_shops,
          nicolae_shop_behind_doors
D:8:      uniq_erica
D:9:      nicolae_overflow_hidden_temple, dpeg_lair_monsters
D:10:     orc_0_dummy, hangedman_pestilent_swarm, due_unseen_surprise
Temple:   zaba_magenta_temple
Lair:2:   dummy_spider_entry, st_stairs_5
Lair:4:   swamp_mist_pool, beast_lair_carwin_9, grunt_megastairs_2,
          infiniplex_staircase_pool
Lair:5:   minmay_slime_entry_oklob_enclosed, portal_ice_cave_entry_imps,
          infiniplex_staircase_pool_2, serial_bayou_shore_b, grunt_megastairs_3,
          uniq_urug
Lair:6:   grunt_lair_end_beastmaster, dpeg_oklob_1, uniq_sonja
Orc:1:    serial_shops, enter_bailey_7
Orc:2:    grunt_orc_tribal_feast, nicolae_orc_lava_room
IceCv:    ice_cave_statue_garden_chambered

Skill      XL: |  1  2  3  4  5  6  7  8  9 10 11 12 13 |
---------------+----------------------------------------+-----
Necromancy     | 5 6 7 8 9 11 13 14 16 18 | 18.1
Spellcasting   | 3 4 5 6 7 8 9 10 12 | 12.0
Fighting       | 1 2 3 4 5 6 7 8 9 |  9.8
Dodging        | 3 4 5 7 8 9 10 11 | 11.9
Stealth        | |  1.2

Action                   |  1- 3 |  4- 6 |  7- 9 | 10-12 | 13-15 || total
-------------------------+-------+-------+-------+-------+-------++-------
Melee: Short sword       |     1 |     5 |    76 |   112 |       ||   194
       Trident           |       |    29 |    10 |       |       ||    39
       Scimitar          |       |       |       |    66 |    57 ||   123
 Cast: Necrotise         |    74 |    86 |   257 |   466 |   269 ||  1152
       Vampiric Draining |       |     8 |    31 |    86 |   110 ||   235
       * Regeneration    |       |     3 |    80 |   106 |     2 ||   191
       Animate Dead      |       |     3 |     7 |    37 |    33 ||    80
       * Death Channel   |       |       |       |    46 |    40 ||    86
 Abil: Stop Flying       |       |       |       |     1 |       ||     1
       Fly               |       |       |       |       |     1 ||     1
  Use: Scroll            |       |       |     6 |    14 |     8 ||    28
       Potion            |       |       |       |       |     4 ||     4
 Stab: Distracted        |       |       |     1 |     1 |     2 ||     4
  Eat: Chunk             |     1 |     5 |    15 |    20 |     1 ||    42
       Fruit             |       |       |       |     9 |     6 ||    15
       Meat ration       |       |       |       |       |     2 ||     2
       Bread ration      |       |       |       |       |     1 ||     1
Armor: Skin              |     6 |    20 |    61 |   168 |    75 ||   330
Dodge: Dodged            |    11 |    75 |   194 |   509 |   310 ||  1099
Block: Other             |    10 |    31 |    99 |   213 |   120 ||   473
       Rpst.: Scimitar   |       |       |       |   110 |   117 ||   227
* Casting counts for permanent charms are approximate representations of how often the player would have had to cast a non-permanent spell for the same benefits.

Table legend:
 A = Spawn XP
 B = Non-spawn XP
 C = Spawn XP percentage of total XP
 D = Spawn monster count
 E = Non-spawn monster count
 F = Spawn count percentage of total count
 G = Total turns spent on level
                    A         B        C        D         E        F      G
               +---------+---------+-------+---------+---------+-------+---------
         Total |    8680 |   44940 |  16.2 |      70 |     435 |  13.9 | 20993
               +---------+---------+-------+---------+---------+-------+---------
           D:1 |      13 |      50 |  20.6 |       7 |      25 |  21.9 |   825
           D:2 |       0 |      19 |   0.0 |       0 |      10 |   0.0 |   653
           D:3 |       8 |     384 |   2.0 |       3 |      37 |   7.5 |  1417
           D:4 |       5 |     325 |   1.5 |       1 |      18 |   5.3 |   860
           D:5 |     170 |     422 |  28.7 |       5 |      15 |  25.0 |   901
           D:6 |     136 |    1250 |   9.8 |       7 |      34 |  17.1 |  1478
           D:7 |     154 |     758 |  16.9 |       3 |      28 |   9.7 |   746
           D:8 |      79 |    4942 |   1.6 |       4 |      38 |   9.5 |  1480
           D:9 |    1564 |    2183 |  41.7 |      10 |      26 |  27.8 |  1043
          D:10 |      34 |    2117 |   1.6 |       1 |      24 |   4.0 |  1282
        Lair:1 |       0 |    4118 |   0.0 |       0 |      22 |   0.0 |  1184
        Lair:2 |    1013 |    2724 |  27.1 |       4 |      18 |  18.2 |  1125
        Lair:3 |    1796 |    2437 |  42.4 |       9 |      11 |  45.0 |  1363
        Lair:4 |     905 |    5775 |  13.5 |       4 |      31 |  11.4 |  1318
        Lair:5 |    2619 |    4779 |  35.4 |      10 |      35 |  22.2 |  2429
        Lair:6 |     184 |    8994 |   2.0 |       2 |      41 |   4.7 |  1347
         Orc:1 |       0 |     532 |   0.0 |       0 |       7 |   0.0 |   672
         Orc:2 |       0 |     286 |   0.0 |       0 |       4 |   0.0 |    18
         IceCv |       0 |    2845 |   0.0 |       0 |      11 |   0.0 |   775
               +---------+---------+-------+---------+---------+-------+---------
